 Dungeon Crawl Stone Soup version 0.29.1-12-g30fa7ad0bf (webtiles) character file.

Game seed: 11223511156244171488

8575 kingsuperguy the Skirmisher (level 11, -2/84 HPs)
             Began as a Hill Orc Monk on Dec 16, 2022.
             Was the Champion of Hepliaklqana.
             Slain by a six-headed hydra (14 damage)
             ... on level 12 of the Dungeon.
             The game lasted 00:30:07 (9850 turns).

kingsuperguy the Skirmisher (Hill Orc Monk)         Turns: 9850, Time: 00:30:08

Health: -2/84      AC:  8    Str: 19    XL:     11   Next: 33%
Magic:  5/6        EV: 15    Int: 10    God:    Hepliaklqana [******]
Gold:   610        SH:  5    Dex: 19    Spells: 11/15 levels left

rFire   . . .      SeeInvis .   e - +0 arbalest
rCold   + + .      Faith    .   (shield currently unavailable)
rNeg    . . .      Spirit   .   b - +0 robe
rPois   +          Reflect  +   n - +1 helmet
rElec   .          Harm     .   (no cloak)
rCorr   .          Rampage  .   T - +0 pair of gloves
Will    .....                   q - +2 pair of boots of Anaesthesia {rPois rC++ MP-9 Dex+2}
Stlth   +++.......              o - amulet "Jaostusum" {Reflect Str+4 SH+5}
HPRegen 0.24/turn               u - ring of poison resistance
MPRegen 0.10/turn               I - +4 ring of slaying

@: no status effects
A: reduced essence
a: Renounce Religion, Recall Ancestor, Ancestor Identity, Transference, Idealise


You were on level 12 of the Dungeon.
You worshipped Hepliaklqana.
Hepliaklqana was exalted by your worship.
You visited 1 branch of the dungeon, and saw 12 of its levels.

You collected 794 gold pieces.
You spent 184 gold pieces at shops.

Inventory:

Hand Weapons
 a - a +0 hand axe
 e - a +0 arbalest (weapon)
 x - a +0 hand axe of venom
 G - a +2 morningstar of draining
Missiles
 d - 2 throwing nets
 U - 6 poisoned darts
Armour
 b - a +0 robe (worn)
 h - an orb of light
 i - a +0 pair of boots
 j - a +0 plate armour
 n - a +1 helmet (worn)
 q - the +2 pair of boots of Anaesthesia (worn) {rPois rC++ MP-9 Dex+2}
   (You acquired it on level 10 of the Dungeon)

   Dex:       It affects your dexterity (+2).
   rC:        It greatly protects you from cold.
   rPois:     It protects you from poison.
   MP:        It affects your magic capacity (-9).
 y - a +2 ring mail of fire resistance
 S - a scarf of harm
 T - a +0 pair of gloves (worn)
Jewellery
 o - the amulet "Jaostusum" (around neck) {Reflect Str+4 SH+5}
   (You acquired it on level 9 of the Dungeon)

   [amulet of reflection]

   It reflects blocked missile attacks.
   Str:       It affects your strength (+4).
   SH:        It affects your SH (+5).
 u - a ring of poison resistance (left hand)
 H - an amulet of regeneration
 I - a +4 ring of slaying (right hand)
 K - a +6 ring of strength
 L - a ring of resist corrosion
Wands
 v - a wand of flame (21)
 A - a wand of polymorph (5)
 N - a wand of mindburst (8)
 R - a wand of digging (5)
Scrolls
 g - 2 scrolls of enchant weapon
 m - a scroll of fear
 t - 3 scrolls of noise
 C - a scroll of brand weapon
 D - 2 scrolls of magic mapping
 F - a scroll of amnesia
 J - 2 scrolls of vulnerability
 M - a scroll of immolation
 O - a scroll of silence {unknown}
 P - a scroll of enchant armour {unknown}
Potions
 c - 2 potions of ambrosia
 f - 7 potions of curing {unknown}
 k - a potion of berserk rage {unknown}
 l - 2 potions of invisibility {unknown}
 p - 4 potions of degeneration {unknown}
 r - 2 potions of mutation {unknown}
 s - a potion of flight {unknown}
 w - 2 potions of might {unknown}
 z - 3 potions of brilliance {unknown}
 B - 2 potions of haste
 E - a potion of attraction {unknown}
 Q - a potion of heal wounds {unknown}


   Skills:
 + Level 7.9 Fighting
 - Level 5.2 Axes
 * Level 11.1 Ranged Weapons
 + Level 4.8 Dodging
 - Level 5.6 Stealth
 + Level 0.1 Shields
 * Level 2.9 Spellcasting
 * Level 4.3 Summonings
 - Level 3.1 Evocations


You had 11 spell levels left.
You knew the following spells:

 Your Spells              Type           Power      Damage    Failure   Level
a - Summon Small Mammal   Summ           40%        N/A       4%          1
b - Call Canine Familiar  Summ           10%        N/A       14%         3

Your spell library contained the following spells:

 Spells                   Type           Power      Damage    Failure   Level
 Sting                    Tmut/Pois      4%         1d3       28%         1
 Summon Guardian Golem    Hex/Summ       5%         N/A       34%         3
 Poisonous Vapours        Pois/Air       2%         N/A       41%         2
 Ignite Poison            Fire/Tmut/Pois 1%         N/A       65%         3
 Mephitic Cloud           Conj/Pois/Air  1%         N/A       65%         3
 Olgreb's Toxic Radiance  Pois           1%         N/A       96%         4
 Freezing Cloud           Conj/Ice/Air   0%         6-21      100%        5


Dungeon Overview and Level Annotations

Branches:
Dungeon (12/15)            Temple (0/1) D:5
   Lair: D:8-11         Orc: D:9-12

Altars:
Ashenzari
Hepliaklqana
Kikubaaqudgha
Ru
Trog
Vehumet
Wu Jian
Yredelemnul
Zin

Shops:
D:5 *   D:6 (


Message History

The bolt hits the six-headed hydra!!
You kill the six-headed hydra!
The centaur wields a +0 shortbow.
The centaur shoots an arrow.
The arrow hits Ferran.
Ferran is destroyed!
The centaur shoots an arrow.
The arrow hits you but does no damage.
Your Ranged Weapons skill increases to level 11!
Cast which spell? (? or * to list)
The six-headed hydra attacks as you move away!
The six-headed hydra closely misses you.
The six-headed hydra bites you.
You block the six-headed hydra's attack.
The six-headed hydra misses you. The six-headed hydra barely misses you.
The six-headed hydra bites you!
Your bat hits the six-headed hydra.
The centaur shoots an arrow.
The arrow hits your bat!
Your bat dies!
Your bat's corpse disappears in a puff of smoke!
The six-headed hydra attacks as you move away!
You block the six-headed hydra's attack.
The six-headed hydra closely misses you.
The six-headed hydra barely misses you.
The six-headed hydra bites you but does no damage.
You block the six-headed hydra's attack.
The six-headed hydra closely misses you.
The centaur shoots an arrow.
The arrow barely misses you.
You hear a shout!
The six-headed hydra attacks as you move away!
The six-headed hydra bites you! The six-headed hydra misses you.
The six-headed hydra bites you.
You block the six-headed hydra's attack.
The six-headed hydra bites you!
* * * LOW HITPOINT WARNING * * *
The six-headed hydra bites you but does no damage.
The centaur shoots an arrow.
The arrow hits you!
* * * LOW HITPOINT WARNING * * *
There is a stone staircase leading up here.
You can't go down here!
The six-headed hydra bites you but does no damage. x2
The six-headed hydra bites you!
You die...

### ..# #######.#
#....@#.# .
#.#...D.#########...
#.##>c.........###
#............†....
######.#.........###
#......#.........#
#.###..#.........#
#.# #..########..#
#.# #..# ..#


You could see a six-headed hydra and a centaur.

Vanquished Creatures
  2 hydras
  A two-headed ogre (D:10)
  A death yak (D:12)
  A skeletal warrior (D:11)
  A vampire (D:11)
  2 wyverns
  2 vampire mosquitoes (D:11)
  An acid dragon (D:9)
  2 water moccasins (D:8)
  An ice beast (D:6)
  3 centaurs
  A phantom (D:5)
  5 bullfrogs
  2 scorpions (D:6)
  3 wights (D:7)
  4 howler monkeys
  2 orc priests
  A gnoll bouda (D:8)
  2 hounds
  An iguana (D:7)
  An orc wizard (D:8)
  3 gnolls
  6 river rats (D:8)
  An adder (D:2)
  A shadow imp (D:6)
  2 white imps
  An ufetubus (D:6)
  A dart slug (D:1)
  13 orcs
  4 bats (D:1)
  3 endoplasms
  A giant cockroach (D:1)
  6 goblins
  4 hobgoblins
  A jackal (D:1)
  3 kobolds
  3 quokkas
  5 ball pythons
  3 frilled lizards (D:3)
  11 rats
111 creatures vanquished.

Vanquished Creatures (collateral kills)
  Erica (D:7)
  A two-headed ogre (D:8)
  A hornet (D:8)
  Eustachio (D:4)
  Duvessa (D:5)
  2 water moccasins
  2 orc warriors
  An ice beast (D:5)
  A black bear (D:4)
  An ogre (D:5)
  2 phantoms
  A bullfrog (D:9)
  3 necrophages
  A scorpion (D:7)
  A wight (D:7)
  Dowan (D:5)
  A jelly (D:5)
  An orc priest (D:4)
  2 iguanas
  2 orc wizards
  Robin (D:2)
  7 gnolls
  2 adders
  A river rat (D:8)
  5 worms
  A dart slug (D:2)
  9 orcs
  3 endoplasms (D:4)
  2 giant cockroaches (D:2)
  5 hobgoblins
  2 jackals (D:1)
  3 kobolds
  2 bats (D:2)
  9 goblins
  6 rats
85 creatures vanquished.

Vanquished Creatures (others)
  6 knights
6 creatures vanquished.

Grand Total: 202 creatures vanquished

Notes
Turn   | Place    | Note
-------+----------+-------------------------------------------
     0 | D:1      | kingsuperguy the Hill Orc Monk began the quest for the Orb.
     0 | D:1      | Reached XP level 1. HP: 19/19 MP: 1/1
   275 | D:1      | You fall into a shaft and drop 1 floor!
   291 | D:1      | Reached XP level 2. HP: 21/27 MP: 2/2
   472 | D:1      | Found a faded altar of an unknown god.
   514 | D:1      | Prayed at the altar of an unknown god.
   514 | D:1      | Became a worshipper of Hepliaklqana the Forgotten
   514 | D:1      | Reached * piety under Hepliaklqana
   514 | D:1      | Reached ** piety under Hepliaklqana
   515 | D:1      | Remembered your ancestor Ferran as a knight
   605 | D:1      | Reached *** piety under Hepliaklqana
   942 | D:2      | Reached XP level 3. HP: 26/29 MP: 3/3
   997 | D:2      | Noticed Robin
  1024 | D:2      | Killed Robin
  1068 | D:2      | Reached XP level 4. HP: 34/36 MP: 4/4
  1108 | D:2      | Reached skill level 5 in Axes
  2319 | D:4      | Reached **** piety under Hepliaklqana
  2466 | D:4      | Noticed a black bear
  2474 | D:4      | Killed a black bear
  2475 | D:4      | Reached skill level 1 in Ranged Weapons
  2475 | D:4      | Reached XP level 5. HP: 28/42 MP: 5/5
  2613 | D:4      | Noticed Eustachio
  2638 | D:4      | Killed Eustachio
  2639 | D:4      | Reached skill level 5 in Fighting
  2639 | D:4      | Reached XP level 6. HP: 50/50 MP: 6/6
  2886 | D:4      | Reached skill level 2 in Ranged Weapons
  3332 | D:4      | Reached XP level 7. HP: 10/54 MP: 7/7
  3651 | D:4      | Reached skill level 1 in Evocations
  4124 | D:5      | Entered Level 5 of the Dungeon
  4299 | D:5      | Found Vuit Sox's General Store.
  4306 | D:5      | Bought a wand of polymorph (3) for 54 gold pieces
  4306 | D:5      | Bought a potion of haste for 130 gold pieces
  4444 | D:5      | Found a sacrificial altar of Ru.
  4541 | D:5      | Found a staircase to the Ecumenical Temple.
  4759 | D:5      | Noticed Duvessa
  4759 | D:5      | Noticed Dowan
  4767 | D:5      | Killed Duvessa
  4769 | D:5      | Killed Dowan
  4791 | D:5      | Found a bloodstained altar of Trog.
  4791 | D:5      | Found an ancient bone altar of Kikubaaqudgha.
  4799 | D:5      | Reached skill level 3 in Ranged Weapons
  4799 | D:5      | Reached XP level 8. HP: 63/63 MP: 8/8
  4940 | D:5      | Reached skill level 5 in Stealth
  5734 | D:6      | Reached ***** piety under Hepliaklqana
  5965 | D:6      | Reached skill level 4 in Ranged Weapons
  6242 | D:6      | Found a hazy altar of Hepliaklqana.
  6242 | D:6      | Found an ornate altar of the Wu Jian Council.
  6404 | D:6      | Found Calak's Weapon Boutique.
  6410 | D:6      | Reached XP level 9. HP: 70/70 MP: 9/9
  6466 | D:6      | Found a broken altar of Ashenzari.
  6469 | D:6      | Found a glowing silver altar of Zin.
  6645 | D:7      | Reached skill level 5 in Ranged Weapons
  6767 | D:7      | Reached skill level 1 in Summonings
  6817 | D:7      | Reached skill level 6 in Ranged Weapons
  7059 | D:7      | Reached skill level 1 in Spellcasting
  7257 | D:8      | Noticed a two-headed ogre
  7440 | D:8      | Killed a two-headed ogre
  7441 | D:8      | Reached skill level 7 in Ranged Weapons
  7441 | D:8      | Reached XP level 10. HP: 77/77 MP: 10/12
  7724 | D:8      | Found a radiant altar of Vehumet.
  7739 | D:8      | Noticed Erica
  7768 | D:7      | Killed Erica
  7769 | D:7      | Reached skill level 8 in Ranged Weapons
  7818 | D:7      | Learned a level 1 spell: Summon Small Mammal
  7822 | D:7      | Learned a level 3 spell: Call Canine Familiar
  8487 | D:9      | Noticed a four-headed hydra
  8493 | D:9      | Killed a four-headed hydra
  8494 | D:9      | Reached skill level 9 in Ranged Weapons
  8600 | D:9      | Identified 2 scrolls of acquirement
  8606 | D:9      | Acquired the amulet "Jaostusum" {Reflect Str+4 SH+5}
  8980 | D:10     | Entered Level 10 of the Dungeon
  8986 | D:10     | Found a basalt altar of Yredelemnul.
  8992 | D:10     | Acquired the +2 pair of boots of Anaesthesia {rPois rC++
                  | MP-9 Dex+2}
  9041 | D:10     | Noticed a two-headed ogre
  9046 | D:10     | Killed a two-headed ogre
  9047 | D:10     | Reached skill level 10 in Ranged Weapons
  9071 | D:10     | Noticed a two-headed ogre
  9087 | D:11     | Reached XP level 11. HP: 50/83 MP: 2/14
  9420 | D:11     | Noticed a skeletal warrior
  9420 | D:11     | Noticed a skeletal warrior
  9428 | D:11     | Killed a skeletal warrior
  9431 | D:11     | Noticed a skeletal warrior
  9434 | D:11     | Noticed a skeletal warrior
  9443 | D:11     | Reached ****** piety under Hepliaklqana
  9670 | D:11     | Noticed a cyclops
  9761 | D:11     | Noticed a death yak
  9766 | D:11     | Noticed a death yak
  9769 | D:11     | Noticed a death yak
  9770 | D:11     | Noticed a five-headed hydra
  9771 | D:11     | Noticed a death yak
  9786 | D:12     | Killed a death yak
  9835 | D:12     | Noticed a six-headed hydra
  9837 | D:12     | Noticed a six-headed hydra
  9841 | D:12     | Killed a six-headed hydra
  9842 | D:12     | Reached skill level 11 in Ranged Weapons
  9850 | D:12     | Slain by a six-headed hydra

Illustrated notes

Levels and vault maps discovered:
D:1:      lightli_arrival_lavapool, layout_loops_ring,
          hellmonk_ecumenical_altar_heavens_door
D:2:      layout_basic, uniq_robin
D:3:      layout_rooms
D:4:      layout_gridville, grunt_decor_fettered, chequers_mini_garden,
          uniq_eustachio
D:5:      minmay_chambers_of_fours, layout_cave_pods, nicolae_ru_path_of_blood,
          gammafunk_temple_overflow_wave, minmay_temple_entry_junction,
          serial_shops, nicolae_shop_stone, solitary_fountain, uniq_duvessa
D:6:      layout_loops_ring, gammafunk_temple_overflow_elements,
          nicolae_overflow_hidden_temple, serial_glass, glass_columns_c,
          glass_columns_a, glass_columns_a, glass_columns_a, glass_columns_b,
          glass_columns_a, glass_columns_a, glass_columns_b, glass_columns_a,
          glass_columns_b, serial_shops, nicolae_shop_bloodbath_and_beyond
D:7:      layout_gridville, kennysheep_generic_room_14
D:8:      layout_gridville, mainiacjoe_overflow_surrounded_room,
          dk_rats_in_the_wall, uniq_erica
D:9:      layout_loops_ring, minmay_microvault
D:10:     minmay_polygon_palace, layout_loops_corners,
          mainiacjoe_overflow_catwalk
D:11:     layout_layer_cave, dpeg_lair_monsters, orc_0_dummy,
          grunt_ministairs_7, uniq_sonja
D:12:     layout_basic, portal_ice_cave_entry_imps, uniq_erolcha

Skill      XL: |  1  2  3  4  5  6  7  8  9 10 11 |
---------------+----------------------------------+-----
Fighting       | 4 5 6 7 |  7.9
Stealth        | 2 3 4 5 |  5.6
Axes           | 5 |  5.2
Ranged Weapons | 1 2 3 4 7 10 11 | 11.1
Dodging        | 3 4 |  4.8
Evocations     | 2 3 |  3.1
Summonings     | 2 3 4 |  4.3
Spellcasting   | 1 2 |  2.9
Shields        | |  0.1

Action                   |  1- 3 |  4- 6 |  7- 9 | 10-12 || total
-------------------------+-------+-------+-------+-------++-------
Melee: Hand axe          |    64 |    84 |    20 |       ||   168
       Punch             |       |     1 |     1 |       ||     2
 Fire: Arbalest          |       |       |   123 |   130 ||   253
 Cast: Summon Small Mamm |       |       |       |     1 ||     1
Invok: Ancestor Life: Kn |     1 |       |       |       ||     1
       Recall Ancestor   |       |     2 |     1 |     2 ||     5
  Use: Scroll            |       |       |     5 |    10 ||    15
 Stab: Sleeping          |     6 |     8 |     4 |       ||    18
       Distracted        |       |     2 |       |       ||     2
Armor: Robe              |    22 |    12 |     6 |    13 ||    53
Dodge: Dodged            |    42 |    80 |    46 |    46 ||   214
Block: Other             |       |       |       |    11 ||    11
